 Dungeon Crawl Stone Soup version 0.27.0-65-ge2af304b15 (webtiles) character file.

Game seed: 16781807346699339081

984 nxtlvl the Spear-Bearer (level 8, -4/56 HPs)
             Began as a Human Gladiator on Aug 18, 2021.
             Was a Follower of Vehumet.
             Slain by a gnoll shaman (5 damage)
             ... on level 7 of the Dungeon.
             The game lasted 00:33:40 (2338 turns).

nxtlvl the Spear-Bearer (Human Gladiator)           Turns: 2338, Time: 00:33:40

Health: -4/56      AC:  6    Str: 15    XL:     8   Next: 41%
Magic:  8/8        EV: 11    Int: 16    God:    Vehumet [*.....]
Gold:   115        SH:  0    Dex: 15    Spells: 6/7 levels left

rFire    . . .     SeeInvis .   a - +2 halberd
rCold    . . .     Faith    .   (shield currently unavailable)
rNeg     . . .     Spirit   .   d - +0 ring mail
rPois    .         Reflect  .   c - +0 helmet
rElec    .         Harm     .   (no cloak)
rCorr    +         Rampage  .   (no gloves)
Will     .....                  (no boots)
Stlth    +.........             z - amulet of magic regeneration
HPRegen  0.18/turn              l - +6 ring of intelligence
MPRegen  0.36/turn              o - ring of resist corrosion

@: lethally poisoned (-4 -> -16)
A: no striking features
a: Renounce Religion


You were on level 7 of the Dungeon.
You worshipped Vehumet.
Vehumet was aware of your devotion.
You visited 1 branch of the dungeon, and saw 8 of its levels.

You collected 115 gold pieces.

Inventory:

Hand Weapons
 a - a +2 halberd (weapon)
 b - a +0 hunting sling
 w - a +0 trident
Missiles
 e - 14 sling bullets
 y - 38 poisoned darts (quivered)
Armour
 c - a +0 helmet (worn)
 d - a +0 ring mail (worn)
 D - the +3 buckler of Omioq {Int+5}
   (You took it off an orc priest on level 5 of the Dungeon)

   Int:       It affects your intelligence (+5).
Jewellery
 g - an amulet of the acrobat
 l - a +6 ring of intelligence (left hand)
 o - a ring of resist corrosion (right hand)
 p - a ring of flight
 z - an amulet of magic regeneration (around neck)
Wands
 q - a wand of iceblast (5)
Scrolls
 f - 2 scrolls of noise
 k - 2 scrolls of identify
 m - a scroll of amnesia
 n - a scroll of fear {unknown}
 r - 2 scrolls of teleportation {unknown}
 u - a scroll of immolation {unknown}
 x - a scroll of brand weapon {unknown}
 C - 2 scrolls of holy word {unknown}
 E - a scroll of magic mapping {unknown}
Potions
 h - a potion of haste {unknown}
 i - a potion of heal wounds
 j - a potion of brilliance {unknown}
 s - a potion of mutation {unknown}
 t - 2 potions of curing {unknown}
 v - 2 potions of ambrosia {unknown}
 A - a potion of lignification {unknown}
 B - a potion of degeneration {unknown}
 F - a potion of might {unknown}
 G - a potion of invisibility {unknown}


   Skills:
 - Level 2.0 Fighting
 * Level 8.3 Polearms
 - Level 2.0 Throwing
 - Level 3.0 Dodging
 + Level 3.2 Conjurations
 + Level 3.3 Fire Magic


You had 6 spell levels left.
You knew the following spells:

 Your Spells              Type           Power      Damage    Failure   Level
z - Foxfire               Conj/Fire      40%        2x1d6     13%         1

Your spell library contained the following spells:

 Spells                   Type           Power      Damage    Failure   Level
 Portal Projectile        Hex/Tloc       0%         N/A       83%         3
 Blade Hands              Tmut           0%         N/A       100%        5
 Excruciating Wounds      Necr           0%         N/A       100%        5


Dungeon Overview and Level Annotations

Branches:
Dungeon (8/15)             Temple (0/1) D:7            Lair (0/6) D:8

Altars:
Gozag
Nemelex Xobeh
Vehumet

Shops:
D:4 *

Annotations:
D:3 exclusion: downstairs
D:4 exclusion: downstairs
D:5 Edmund
D:6 1 runed translucent door, exclusion: 2 doors, Krazlmac's ghost, novice DjFE
D:7 exclusion: downstairs


Message History

A gnoll comes into view. It is wielding a +0 whip.
A gnoll comes into view. It is wielding a +0 spear.
y - 38 poisoned darts (gained 11)
A hornet comes into view.
The hornet buzzes angrily.
A gnoll comes into view. It is wielding a +0 flail.
The gnoll shouts!
The gnoll closely misses you.
The gnoll shaman calls upon its god to speed up the gnoll.
The gnoll seems to speed up.
The gnoll hits you from afar with a +0 halberd!
The gnoll hits you but does no damage.
A gnoll comes into view. It is wielding a +0 club.
The gnoll shaman hits you but does no damage.
You are poisoned.
The gnoll hits you from afar with a +0 spear.
As you read the scroll labelled SEFAEXT ZUUFU, it crumbles to dust.
It is a scroll of identify.
f - 2 scrolls of noise You feel sick.
The gnoll hits you from afar with a +0 halberd!
The gnoll shaman hits you but does no damage.
You are more poisoned.
The gnoll hits you from afar with a +0 spear.
As you read the scroll labelled FUFERRE QIMOTS, it crumbles to dust.
It is a scroll of amnesia.
Really abort (and waste the scroll)? [Y]es or [N]o only, please.
Really abort (and waste the scroll)? [Y]es or [N]o only, please.
Really abort (and waste the scroll)?
Okay, then.
* * * LOW HITPOINT WARNING * * *
You feel very sick.
The gnoll hits you from afar with a +0 halberd!
* * * LOW HITPOINT WARNING * * *
The gnoll hits you from afar with a +0 halberd!
* * * LOW HITPOINT WARNING * * *
The gnoll shaman hits you with a +0 whip of venom.
You die...

#... #... #... .
#...###########
..##..............
......)...........
..g..ggg....y.....
....##..ggy##....##. #...
#....@# ##+##
#...##.....##.(..#
...........(......
..................
..................
........†......... #.
#+#####'##.##.##.# +#
#.##.####..##.##.##.##.##
........................#


You could see a hornet, a gnoll shaman and 5 gnolls.

Vanquished Creatures
  Grinder (D:3)
  A necrophage (D:7)
  A bullfrog (D:7)
  A scorpion (D:4)
  5 wights (D:6)
  A howler monkey (D:6)
  3 jellies
  2 orc priests
  A centaur skeleton (D:4)
  2 hound skeletons (D:4)
  3 gnolls (D:4)
  5 adders
  An adder skeleton (D:4)
  2 dart slugs (D:4)
  15 orcs
  3 giant cockroaches
  7 goblins
  2 jackals (D:3)
  3 quokkas
  4 ball pythons
  2 bats
  2 kobolds
  3 rats
70 creatures vanquished.

Notes
Turn   | Place    | Note
-------+----------+-------------------------------------------
     0 | D:1      | nxtlvl the Human Gladiator began the quest for the Orb.
     0 | D:1      | Reached XP level 1. HP: 16/16 MP: 1/1
   155 | D:2      | Reached XP level 2. HP: 22/22 MP: 2/2
   215 | D:3      | Found a radiant altar of Vehumet.
   237 | D:3      | Became a worshipper of Vehumet
   377 | D:4      | Reached skill level 4 in Polearms
   377 | D:4      | Reached XP level 3. HP: 27/27 MP: 3/3
   553 | D:3      | Reached XP level 4. HP: 16/33 MP: 4/4
   762 | D:3      | Reached * piety under Vehumet
   762 | D:3      | Offered knowledge of Foxfire by Vehumet.
   765 | D:3      | Learned a level 1 spell: Foxfire
   774 | D:3      | Noticed Grinder
   787 | D:3      | Paralysed by Grinder for 6 turns
   806 | D:3      | Killed Grinder
   807 | D:3      | Reached skill level 6 in Polearms
   807 | D:3      | Reached XP level 5. HP: 33/38 MP: 5/5
   807 | D:3      | Reached XP level 6. HP: 38/44 MP: 6/6
   833 | D:4      | Found Gozag's Platinum Reserve.
   833 | D:4      | Found an opulent altar of Gozag.
   986 | D:4      | Reached skill level 1 in Conjurations
   986 | D:4      | Reached skill level 1 in Fire Magic
  1181 | D:5      | Entered Level 5 of the Dungeon
  1226 | D:6      | Reached XP level 7. HP: 44/50 MP: 7/7
  1318 | D:8      | Found a staircase to the Lair.
  1352 | D:7      | Found a staircase to the Ecumenical Temple.
  1369 | D:7      | Found a sparkling altar of Nemelex Xobeh.
  1385 | D:7      | Reached skill level 7 in Polearms
  1507 | D:6      | Found a runed translucent door.
  1508 | D:6      | Noticed Krazlmac's ghost (novice DjFE)
  1651 | D:6      | Noticed a steam dragon
  1799 | D:5      | Noticed Edmund
  1961 | D:5      | Identified the +3 buckler of Omioq {Int+5}
  2020 | D:5      | Reached XP level 8. HP: 50/56 MP: 8/8
  2160 | D:6      | Reached skill level 8 in Polearms
  2333 | D:7      | Noticed a hornet
  2338 | D:7      | HP: 1/56 [gnoll (8)]
  2338 | D:7      | Slain by a gnoll shaman

Illustrated notes

Levels and vault maps discovered:
D:1:      minmay_arrival_pointy, layout_loops_ring,
          ebering_ecumenical_altar_ruins, supply_closet_lemuel
D:2:      layout_basic
D:3:      layout_basic, mainiacjoe_overflow_boulevard, uniq_grinder
D:4:      layout_gridville, nicolae_gozag_zags_fifth_avenue,
          guppyfry_early_lair_pool
D:5:      wander_river, layout_layer_cave, uniq_edmund
D:6:      layout_gridville, ebering_ghost_sewer_d
D:7:      layout_gridville, kennysheep_mini, nemelex_spade_bored_becter,
          minmay_temple_entry_trees
D:8:      minmay_bubble_buster, layout_cave_pools, lair_entry_dummy

Skill      XL: |  1  2  3  4  5  6  7  8 |
---------------+-------------------------+-----
Polearms       | 4 6 7 8 |  8.3
Conjurations   | 1 2 3 |  3.2
Fire Magic     | 1 2 3 |  3.3
Fighting       | |  2.0
Throwing       | |  2.0
Dodging        | |  3.0

Action                   |  1- 3 |  4- 6 |  7- 9 || total
-------------------------+-------+-------+-------++-------
Melee: Trident           |    60 |    65 |       ||   125
       Halberd           |       |    20 |    88 ||   108
 Fire: Hunting sling     |    14 |    32 |    20 ||    66
Throw: Throwing net      |     1 |     2 |       ||     3
       Dart              |       |       |     3 ||     3
  Use: Potion            |       |     1 |     1 ||     2
       Scroll            |       |       |     2 ||     2
Armor: Leather armour    |     2 |       |       ||     2
       Ring mail         |    10 |    19 |    14 ||    43
Dodge: Dodged            |    23 |    40 |    19 ||    82
